Map: Cerulean Fall LE

Players

Oathkeeper

  • Race: Terran Terran
  • Spawn Location: 7:00

A.I. 1 (Very Hard) - Winner!

  • Race: Protoss Protoss
  • Spawn Location: 1:00

VOD

Have the link to the VOD?

Description

Timing attack by Protoss, next to hardest level. Repelled initial attack with lone Thor surviving. Sloppy upgrades order, sloppy marine building, gaps in SCV building.

Time

  • Played on: Jan. 22, 2019, 1:22 p.m.
  • Length: 12:32
Show
View Real Time Build Order
Export as new Build Order

Oathkeeper Terran 

Build Orders:  

Get SALT Encoding   

  12  0:01  SCV  
  13  0:16  SCV  
  14  0:22  Supply Depot  
  14  0:28  SCV  
  15  0:36  Refinery  
  15  0:47  Barracks  
  15  0:48  SCV  
  16  1:00  SCV  
  17  1:12  SCV  
  18  1:32  SCV  
  19  1:35  Supply Depot  
  19  1:37  Barracks  
  19  1:47  Orbital Command  
  19  2:03  Supply Depot  
  19  2:25  Barracks Reactor  
  19  2:27  Barracks Reactor  
  19  2:33  Factory  
  19  2:42  Refinery  
  19  2:45  SCV  
  20  2:57  SCV  
  21  3:04  Bunker  
  21  3:07  Marine x4  
  25  3:13  SCV  
  26  3:24  Marine  
  26  3:25  SCV, Marine x3  
  31  3:52  Engineering Bay  
  31  4:04  Marine x3  
  31  4:05  Marine  
  35  4:13  Barracks  
  35  4:15  Factory Tech Lab  
  35  4:20  Neosteel Armor  
  35  4:22  Marine x4  
  39  4:26  Barracks  
  39  5:10  Supply Depot  
  39  5:18  Barracks Tech Lab x2  
  39  5:26  Supply Depot  
  39  5:32  SCV, Marine x4  
  39  5:35  Supply Depot  
  44  5:44  SCV  
  44  5:49  Supply Depot  
  45  5:58  Starport  
  45  6:00  Terran Infantry Weapons Level 1  
  45  6:09  Siege Tank  
  48  6:12  Supply Depot  
  48  6:25  Command Center  
  48  6:37  Armory  
  48  6:38  Medivac  
  50  6:41  Siege Tank  
  53  7:08  Medivac  
  55  7:34  Marauder x2  
  55  7:35  Marine x2  
  55  7:36  Marine x2  
  63  7:44  SCV  
  63  7:45  SCV  
  65  7:53  Marine x2  
  65  7:55  Marauder x2, Terran Infantry Armor Level 1  
  65  7:56  SCV  
  65  7:57  SCV, Refinery  
  73  8:13  Engineering Bay  
  73  8:18  Starport Reactor  
  73  8:19  Terran Vehicle And Ship Armor Level 1  
  73  8:26  Thor  
  79  8:45  Refinery  
  79  8:47  Orbital Command  
  79  9:09  Supply Depot  
  79  9:26  Bunker  
  79  9:28  SCV x2  
  81  9:32  Supply Depot  
  81  9:37  Marine  
  81  9:38  Marine x3  
  83  9:39  Marine x2  
  83  9:40  SCV x2  
  89  9:48  Terran Infantry Weapons Level 2  
  89  9:55  Marine x2  
  91  10:16  Command Center  
  91  10:21  Refinery  
  42  11:12  Marine x2  
  42  11:13  Marine x4  
  48  11:30  Marine x2  
  48  11:32  Marauder x2  
  54  11:53  Marauder x2  
  58  11:57  Medivac x2  
Show
View Real Time Build Order
Export as new Build Order

A.I. 1 (Very Hard) Protoss - Winner!

Build Orders: Mass Adepts, Zealot Archon 

Get SALT Encoding   

  12  0:00  Probe  
  13  0:13  Probe  
  14  0:20  Pylon  
  14  0:25  Probe  
  15  0:34  Probe  
  15  0:42  Probe  
  16  0:48  Assimilator  
  17  0:50  Gateway  
  17  0:51  Probe  
  18  0:59  Probe  
  18  1:02  Pylon  
  19  1:07  Probe  
  20  1:18  Probe  
  21  1:38  Gateway, Zealot  
  21  1:39  Probe  
  22  1:41  Cybernetics Core  
  24  1:49  Pylon  
  24  1:51  Probe  
  25  1:57  Zealot  
  25  2:03  Warp Gate, Probe  
  28  2:15  Probe  
  29  2:27  Adept x2  
  29  2:29  Gateway  
  33  2:38  Gateway  
  33  2:51  Adept  
  33  2:56  Pylon, Probe  
  33  2:57  Adept  
  38  3:17  Adept  
  38  3:19  Adept  
  42  3:27  Adept x2, Pylon  
  46  3:35  Probe  
  47  3:47  Adept  
  51  3:49  Adept, Stalker  
  51  3:54  Stalker  
  55  4:00  Pylon  
  55  4:03  Assimilator  
  55  4:22  Stalker  
  55  4:23  Stalker  
  59  4:25  Zealot  
  61  4:32  Zealot  
  61  4:38  Pylon  
  63  4:44  Robotics Facility  
  63  4:56  Adept x2  
  63  4:59  Adept  
  69  5:04  Adept  
  71  5:12  Pylon  
  71  5:18  Pylon  
  71  5:32  Immortal  
  75  5:39  Stalker  
  77  5:51  Twilight Council  
  77  6:14  Pylon  
  77  6:30  Dark Shrine  
  77  6:35  Zealot  
  79  6:45  Nexus  
  79  6:58  Sentry  
  81  7:07  Stalker  
  83  7:10  Pylon  
  83  7:26  Observer  
  84  7:43  Dark Templar  
  86  7:44  Dark Templar  
  88  7:54  Stalker  
  88  7:57  Probe  
  88  7:58  Probe  
  92  7:59  Archon  
  92  8:07  Assimilator  
  92  8:09  Probe  
  92  8:10  Assimilator  
  92  8:11  Probe  
  94  8:18  Dark Templar, Probe  
  96  8:23  Probe  
  96  8:26  Probe  
  99  8:35  Probe  
  99  8:36  Probe  
  99  8:37  Dark Templar  
  103  8:43  Stalker  
  103  8:46  Archon  
  103  8:47  Pylon, Probe  
  106  8:48  Probe  
  106  8:55  Dark Templar  
  109  8:59  Probe  
  109  9:00  Probe  
  111  9:06  Pylon  
  111  9:07  Dark Templar  
  113  9:11  Probe  
  113  9:13  Probe  
  113  9:15  Archon  
  115  9:18  Dark Templar  
  115  9:23  Probe  
  118  9:25  Probe  
  118  9:30  Dark Templar  
  118  9:31  Pylon  
  121  9:39  Sentry  
  121  9:44  Archon  
  123  9:51  Dark Templar  
  125  9:56  Pylon  
  125  10:03  Dark Templar  
  127  10:14  Forge  
  127  10:16  Pylon  
  127  10:25  Templar Archives  
  127  10:27  Forge, Zealot x4  
  133  10:37  Nexus  
  133  10:41  Zealot  
  119  10:47  Zealot x2  
  119  10:48  Sentry  
  79  10:58  Stalker  
  77  11:07  Adept  
  77  11:08  Sentry  
  77  11:11  Stalker  
  83  11:17  High Templar  
  85  11:27  Stalker  
  85  11:28  Archon  
  85  11:31  High Templar  
  89  11:34  Stalker  
  91  11:42  Dark Templar  
  91  11:46  Archon  
  93  11:49  Probe x2  
  93  11:50  Stalker, Probe  
  98  11:57  Dark Templar  
  98  11:59  Assimilator  
  100  12:01  Probe x2  
  100  12:02  Probe, Assimilator  
  103  12:09  Stalker  
  103  12:10  Probe  
  103  12:13  Archon, Probe  
  103  12:14  Dark Templar, Probe  
  110  12:18  Probe  
  111  12:25  Dark Templar  
  115  12:30  Archon  
Tags
 
Add a new tag
Caveats
  • Supply blocks, unpowered buildings, or Contaminate may cause inaccurate times.
  • Supply counts are checked every 10 seconds.